 Seeded DCSS version 0.29-a0-1023-g6ae1a4a2c7 (webtiles) character file.

Game seed: 20220812 (custom seed)

38 purpskrrrp the Caller (level 3, -4/24 HPs)
             Began as a Demonspawn Summoner on Aug 12, 2022.
             Slain by Sigmund
             ... wielding a +0 scythe
              (8 damage)
             ... on level 2 of the Dungeon.
             The game lasted 00:16:43 (2546 turns).

purpskrrrp the Caller (Demonspawn Summoner)         Turns: 2546, Time: 00:16:43

Health: -4/24      AC:  2    Str:  8    XL:     3   Next: 25%
Magic:  4/6        EV: 13    Int: 18    God:
Gold:   62         SH:  0    Dex: 19    Spells: 3/6 levels left

rFire   . . .      SeeInvis .   e - +0 sling
rCold   . . .      Faith    .   (no shield)
rNeg    . . .      Spirit   .   a - +0 robe
rPois   .          Reflect  .   (no helmet)
rElec   .          Harm     .   (no cloak)
rCorr   .          Rampage  .   (no gloves)
Will    .....                   (no boots)
Stlth   ++........              (no amulet)
HPRegen 0.08/turn               f - ring of flight
MPRegen 0.10/turn               j - +6 ring of dexterity

@: flying
A: weakness stinger 2
a: no special abilities


You were on level 2 of the Dungeon.
You visited 1 branch of the dungeon, and saw 2 of its levels.

You collected 62 gold pieces.

Inventory:

Hand Weapons
 e - a +0 sling (weapon)
Missiles
 g - 6 atropa-tipped darts
Armour
 a - a +0 robe (worn)
Jewellery
 f - a ring of flight (left hand)
 j - a +6 ring of dexterity (right hand)
Scrolls
 h - a scroll of enchant armour {unknown}
Potions
 b - 2 potions of lignification {unknown}
 c - 2 potions of curing {unknown}
 d - 2 potions of attraction {unknown}
 i - a potion of berserk rage {unknown}


   Skills:
 + Level 2.2 Dodging
 + Level 2.3 Stealth
 + Level 2.3 Spellcasting
 * Level 4.4 Summonings


You had 3 spell levels left.
You knew the following spells:

 Your Spells              Type           Power      Damage    Failure   Level
a - Summon Small Mammal   Summ           72%        N/A       2%          1
b - Call Imp              Summ           18%        N/A       4%          2

Your spell library contained the following spells:

 Spells                   Type           Power      Damage    Failure   Level
 Call Canine Familiar     Summ           18%        N/A       9%          3
 Summon Guardian Golem    Hex/Summ       10%        N/A       22%         3
 Summon Lightning Spire   Summ/Air       10%        N/A       56%         4


Dungeon Overview and Level Annotations

Branches:
Dungeon (2/15)

Altars:
Xom

Shops:
D:2 (

Annotations:
D:2 Sigmund


Innate Abilities, Weirdness & Mutations

You have a tail ending in a sharp stinger.


Message History

Anything else - Cancel.
Gang up on whom?
Press: ? - help, Dir - move target There's nothing there!
Fire: e) +0 sling
Press: ? - help, Shift-Dir - straight line You shoot a sling bullet.
You hear some strange, mumbled words.
You are confused.
Are you sure you want to stumble around while confused and next to your shadow imp? [Y]es or [N]o only, please.
Are you sure you want to stumble around while confused and next to your shadow imp?
Okay, then.
Something hits you. Something hits you but does no damage.
Are you sure you want to stumble around while confused and next to your shadow imp?
Okay, then.
Unknown command.
Something hits you.
Are you sure you want to stumble around while confused and next to your shadow imp? [Y]es or [N]o only, please.
Are you sure you want to stumble around while confused and next to your shadow imp?
Okay, then.
Unknown command.
What are your orders? t - Shout!
Anything else - Cancel.
Okay, then.
What are your orders? t - Shout!
Anything else - Cancel.
You shout for attention!
Something hits you!
Ouch! That really hurt!
* * * LOW HITPOINT WARNING * * *
Are you sure you want to stumble around while confused and next to your shadow imp? [Y]es or [N]o only, please.
Are you sure you want to stumble around while confused and next to your shadow imp?
Okay, then.
You feel less confused. Something hits you!
You die...

...#####.....#.#
#### #.
#.....###.#.#
#..##........#.#
...$...........#
............####
.####....###
#....# #r.5.#
#.@..#
....w.....#
.....{.####
....... .......
....... .......
.......


You could see a worm, a friendly shadow imp (summoned) and a friendly quokka
(summoned).

Vanquished Creatures
  A dart slug (D:1)
  A ball python (D:1)
  A hobgoblin (D:1)
  2 kobolds
  A bat (D:1)
  2 frilled lizards
8 creatures vanquished.

Vanquished Creatures (collateral kills)
  A worm (D:2)
  4 endoplasms
  A giant cockroach (D:2)
  2 goblins
  A hobgoblin (D:2)
  2 quokkas
  2 ball pythons
  2 bats (D:1)
  2 frilled lizards (D:2)
  3 kobolds
  8 rats
28 creatures vanquished.

Vanquished Creatures (others)
  11 plants (D:1)
11 creatures vanquished.

Grand Total: 47 creatures vanquished

Notes
Turn   | Place    | Note
-------+----------+-------------------------------------------
     0 | D:1      | purpskrrrp the Demonspawn Summoner began the quest for the
                  | Orb.
     0 | D:1      | Reached XP level 1. HP: 13/13 MP: 3/3
   987 | D:1      | Gained mutation: You have a small tail. [demonic ancestry]
   987 | D:1      | Reached XP level 2. HP: 8/19 MP: 3/5
  1170 | D:1      | Learned a level 2 spell: Call Imp
  1279 | D:1      | Found a faded altar of an unknown god.
  1792 | D:2      | Found a shimmering altar of Xom.
  1909 | D:2      | Found Akkuez's Weapon Emporium.
  2017 | D:2      | Noticed Sigmund
  2029 | D:2      | Gained mutation: You have a tail ending in a sharp stinger.
                  | [demonic ancestry]
  2029 | D:2      | Reached XP level 3. HP: 24/24 MP: 2/6
  2546 | D:2      | Slain by Sigmund

Illustrated notes

Levels and vault maps discovered:
D:1:      spicycebolla_arrival_xxxplode, layout_basic,
          dilly_ecumenical_altar_fadedgnrine
D:2:      layout_basic, serial_shops, nicolae_shop_bloodbath_and_beyond,
          basic_altar, uniq_sigmund

Skill      XL: |  1 |
---------------+----+-----
Stealth        | 2 |  2.3
Dodging        | 2 |  2.2
Spellcasting   | |  2.3
Summonings     | |  4.4

Action                   || total
-------------------------++-------
Melee: Unarmed           ||    18
 Fire: Sling             ||    22
 Cast: Summon Small Mamm ||    44
       Call Imp          ||    17
  Use: Potion            ||     1
       Scroll            ||     3
Armor: Robe              ||    15
Dodge: Dodged            ||    57

Table legend: (Time is in decaauts)
 A = Elapsed time spent in this place.
 B = Non-inter-level travel time spent in this place.
 C = Inter-level travel time spent in this place.
 D = Time resting spent in this place.
 E = Time spent auto-exploring this place.
 F = Levels seen in this place.
 G = Mean time per level.
                   A        B        C        D        E       F      G
               +--------+--------+--------+--------+--------+-----+--------+
         Total |   2553 |   2467 |     86 |    726 |   1256 |   2 | 1276.5 |
       Dungeon |   2553 |   2467 |     86 |    726 |   1256 |   2 | 1276.5 |
               +--------+--------+--------+--------+--------+-----+--------+

Top non-repeatable levels by time:
     D:1: 1606 daAuts
     D:2: 946 daAuts
